 Dungeon Crawl Stone Soup version 0.31-a0-1025-g2e47921a08 (webtiles) character file.

Game seed: 3593686646388773175

1848 zero the Vexing (level 9, -6/52 HPs)
             Began as a Kobold Hexslinger on Nov 17, 2023.
             Was an Initiate of Gozag.
             Mangled by a vampire (11 damage)
             ... on level 7 of the Dungeon.
             The game lasted 00:18:02 (6746 turns).

zero the Vexing (Kobold Hexslinger)                 Turns: 6746, Time: 00:18:03

Health: -6/52      AC:  6    Str:  5    XL:     9   Next: 34%
Magic:  11/14      EV: 19    Int: 16    God:    Gozag
Gold:   312        SH:  0    Dex: 28    Spells: 4/15 levels left

rFire   . . .        t - +5 dagger "Gaphus" {drain, rElec rPois Dex-4}
rCold   . . .        (no shield)
rNeg    . . .        c - +0 robe
rPois   +            u - +0 helmet
rElec   +            B - +0 cloak
rCorr   .            (no gloves)
SInv    .            e - +1 pair of boots
Will    .....        (no amulet)
Stlth   +++++        k - +6 ring of dexterity
HPRegen 0.28/turn    E - +6 ring of dexterity
MPRegen 0.14/turn

%: no passive effects
@: mighty, about to teleport
A: small, no large weapons, nightstalker 3
a: Renounce Religion, Potion Petition, Call Merchant, Bribe Branch


You were on level 7 of the Dungeon.
You worshipped Gozag.
Gozag was aware of your devotion.
You visited 2 branches of the dungeon, and saw 8 of its levels.
You also visited: Sewer.

You collected 930 gold pieces.
You spent 504 gold pieces at shops.
You paid 114 gold pieces to Gozag.

Inventory:

Hand Weapons
 a - a +3 sling of draining
 s - a +2 dagger of venom
 t - the +5 dagger "Gaphus" (weapon) {drain, rElec rPois Dex-4}
   (You found it on level 3 of the Dungeon)

   Dex-4:     It affects your dexterity (-4).
   rElec:     It insulates you from electricity.
   rPois:     It protects you from poison
 D - a +0 rapier
Missiles
 p - 32 poisoned darts
Armour
 c - a +0 robe (worn)
 e - a +1 pair of boots (worn)
 g - a +0 kite shield
 u - a +0 helmet (worn)
 B - a +0 cloak (worn)
Jewellery
 k - a +6 ring of dexterity (left hand)
 E - a +6 ring of dexterity (right hand)
Wands
 n - a wand of flame (25)
 y - a wand of charming (6)
 A - a wand of digging (2)
 C - a wand of quicksilver (9)
Scrolls
 b - 5 scrolls of poison
 w - 3 scrolls of teleportation
 x - a scroll of revelation
 F - a scroll of amnesia
Potions
 d - a potion of curing
 f - 4 potions of lignification
 h - a potion of heal wounds {unknown}
 i - a potion of degeneration {unknown}
 j - a potion of haste {unknown}
 l - a potion of invisibility {unknown}
 m - a potion of brilliance {unknown}
 o - 3 potions of resistance {unknown}
 q - a potion of mutation {unknown}
 r - 2 potions of magic
 z - a potion of attraction {unknown}


   Skills:
 + Level 3.8 Fighting
 - Level 2.0 Short Blades
 + Level 5.6 Ranged Weapons
 - Level 1.0 Armour
 + Level 4.5 Dodging
 + Level 4.7 Stealth
 + Level 3.5 Spellcasting
 + Level 6.2 Hexes
 + Level 2.6 Summonings
 + Level 2.6 Translocations
 + Level 3.4 Fire Magic
 + Level 1.9 Evocations


You had 4 spell levels left.
You knew the following spells:

 Your Spells              Type           Power      Damage    Failure   Level
a - Jinxbite              Hex            44%        N/A       1%          2
b - Sigil of Binding      Hex            22%        N/A       4%          3
c - Inner Flame           Hex/Fire       18%        N/A       7%          3
d - Slow                  Hex            88%        N/A       1%          1
e - Summon Small Mammal   Summ           44%        N/A       6%          1
g - Apportation           Tloc           22%        N/A       6%          1

Your spell library contained the following spells:

 Spells                   Type           Power      Damage    Failure   Level
 Confusing Touch          Hex            22%        N/A       4%          3
 Foxfire                  Conj/Fire      32%        2x1d5     9%          1
 Cause Fear               Hex            11%        N/A       13%         4
 Kiss of Death            Conj/Necr      8%         2d6       19%         1
 Necrotise                Necr           8%         1d4       19%         1
 Gell's Gravitas          Tloc           11%        N/A       19%         3
 Teleport Other           Tloc           11%        N/A       19%         3
 Dimensional Bullseye     Hex/Tloc       8%         N/A       28%         4
 Vampiric Draining        Necr           2%         2d6       47%         3
 Dispel Undead            Necr           2%         3d7       87%         4
 Dispersal                Tloc           5%         N/A       100%        6
 Plasma Beam              Fire/Air       4%         2x1d14    100%        6
 Starburst                Conj/Fire      4%         6d3       100%        6


Dungeon Overview and Level Annotations

Branches:
Dungeon (7/15)             Temple (1/1) D:4           Sewer (visited)

Altars:
Dithmenos
Elyvilon
Fedhas
Gozag
Hepliaklqana
Makhleb
Okawaru
Sif Muna
Trog
Uskayaw
Vehumet
Wu Jian
Xom
Zin

Shops:
D:4 =   D:6 (


Innate Abilities, Weirdness & Mutations

You are small and have problems with some larger weapons.
You are completely attuned to the shadows.


Message History

You bump into the translucent rock wall.
You feel your willpower return. Something hits you. Something bites you!
Something draws strength from your injuries!
You bump into the translucent rock wall.
Something hits you! Something bites you!
Something draws strength from your injuries!
You hit something but do no damage.
You hear some strange, mumbled words.
Something tries to affect you, but you resist.
You feel less confused.
You feel very mighty all of a sudden.
You hear some strange, mumbled words.
You are confused.
You feel better. Something hits you! Something closely misses you.
You barely miss something. Something closely misses you. Something bites you.
Something draws strength from your injuries!
You barely miss something. Something barely misses you.
Something bites you but does no damage.
You hit something.
Your binding sigil disappears.
Something hits you but does no damage. Something closely misses you.
You puncture something! Something hits you but does no damage.
Something bites you!
* * * LOW HITPOINT WARNING * * *
Something draws strength from your injuries!
You hit something. You hit something. Something hits you.
* * * LOW HITPOINT WARNING * * *
Something bites you.
* * * LOW HITPOINT WARNING * * *
Something draws strength from your injuries!
You feel better. Something closely misses you.
Something bites you but does no damage.
As you read the scroll of teleportation, it crumbles to dust.
You feel strangely unstable. Something hits you!
* * * LOW HITPOINT WARNING * * *
Something bites you!
You die...
Your body crumbles into a pile of gold.

##.####.....####.#
...................#
#....#..#.....######
.##.......###'###
..........##...#
#.#.#....##§.☼#
#..$..#####...#
#.#{#.# #§.§#
#...@.# .......##
.#######


There were no monsters in sight!

Vanquished Creatures
  Maggie (D:6)
  Grinder (D:5)
  An ogre (D:6)
  2 phantoms
  4 kobold brigands
  3 scorpions
  Crazy Yiuf (D:5)
  2 hounds
  2 orc priests
  A sleepcap (D:4)
  5 orc wizards
  2 iguanas
  Robin (D:3)
  10 adders
  8 gnolls
  2 river rats (Sewer)
  A white imp (D:5)
  2 ufetubi (D:5)
  3 worms
  2 dart slugs
  12 orcs
  5 endoplasms
  6 giant cockroaches
  12 goblins
  12 hobgoblins
  5 jackals
  17 kobolds
  3 quokkas
  11 ball pythons
  A bat (D:1)
  7 frilled lizards
  9 rats
154 creatures vanquished.

Vanquished Creatures (others)
  A kobold (D:3)
1 creature vanquished.

Grand Total: 155 creatures vanquished

Notes
Turn   | Place    | Note
-------+----------+-------------------------------------------
     0 | D:1      | zero the Kobold Hexslinger began the quest for the Orb.
     0 | D:1      | Reached XP level 1. HP: 12/12 MP: 2/2
    49 | D:1      | You fall into a shaft and drop 1 floor!
    58 | D:2      | Found a faded altar of an unknown god.
    92 | D:2      | Reached XP level 2. HP: 17/17 MP: 3/3
    95 | D:2      | Learned a level 2 spell: Jinxbite
   282 | D:1      | Reached skill level 1 in Stealth
   282 | D:1      | Reached XP level 3. HP: 21/21 MP: 1/5
   925 | D:2      | Reached XP level 4. HP: 16/26 MP: 3/6
  1033 | D:2      | Reached XP level 5. HP: 22/30 MP: 8/8
  1552 | D:2      | Learned a level 3 spell: Sigil of Binding
  1556 | D:2      | Learned a level 3 spell: Inner Flame
  1907 | D:3      | Reached XP level 6. HP: 33/34 MP: 6/9
  2242 | D:3      | Identified the +5 dagger "Gaphus" {drain, rElec rPois
                  | Dex-4}
  2338 | D:3      | Found a white marble altar of Elyvilon.
  2363 | D:3      | Reached XP level 7. HP: 37/40 MP: 7/10
  2383 | D:3      | Reached skill level 4 in Hexes
  2459 | D:3      | Noticed Robin
  2463 | D:3      | Killed Robin
  2488 | D:3      | Learned a level 1 spell: Apportation
  2490 | D:3      | Learned a level 1 spell: Slow
  2492 | D:3      | Learned a level 1 spell: Summon Small Mammal
  3252 | D:4      | Found a staircase to the Ecumenical Temple.
  3259 | Temple   | Entered the Ecumenical Temple
  3269 | Temple   | Became a worshipper of Gozag Ym Sagoz the Greedy
  3475 | D:4      | Found a glowing drain.
  3567 | D:4      | Reached skill level 1 in Summonings
  3616 | Sewer    | Entered a sewer
  3722 | Sewer    | Reached skill level 5 in Ranged Weapons
  3722 | Sewer    | Reached skill level 1 in Translocations
  3722 | Sewer    | Reached XP level 8. HP: 33/46 MP: 12/12
  3942 | Sewer    | Reached skill level 5 in Hexes
  4367 | D:4      | Found Rotots's Jewellery Emporium.
  4505 | D:4      | Found a radiant altar of Vehumet.
  4634 | D:4      | Found a blossoming altar of Fedhas.
  4892 | D:5      | Entered Level 5 of the Dungeon
  5208 | D:5      | Noticed Grinder
  5222 | D:5      | Killed Grinder
  5223 | D:5      | Reached skill level 6 in Hexes
  5329 | D:5      | Reached skill level 1 in Short Blades
  5601 | D:5      | Found a runed translucent door.
  5604 | D:5      | Noticed Crazy Yiuf
  5733 | D:5      | Killed Crazy Yiuf
  5846 | D:6      | Found a shadowy altar of Dithmenos.
  5886 | D:6      | Noticed Maggie
  5926 | D:6      | Reached skill level 1 in Evocations
  5926 | D:6      | Reached XP level 9. HP: 47/51 MP: 13/13
  5968 | D:6      | Killed Maggie
  5969 | D:6      | Reached skill level 1 in Armour
  6225 | D:6      | Found Huppah's Weapon Boutique.
  6310 | D:4      | Bought a +6 ring of dexterity for 504 gold pieces
  6746 | D:7      | Mangled by a vampire

Illustrated notes

Levels and vault maps discovered:
D:1:      mainiacjoe_arrival_reflecting_pool, layout_basic, glass_columns_b,
          amcnicky_mini_pool_small, hangedman_decor_opposing,
          nicolae_grassy_gnolls
D:2:      layout_basic, ebering_ecumenical_altar_abandoned
D:3:      cheibrodos_thug_alley, layout_rooms, elyvilon_altar_4, minmay_cupped,
          uniq_robin
D:4:      layout_cave_pods, amcnicky_altar_gilded, fedhas_altar_1,
          minmay_temple_entry_trees, portal_sewer_entry_c,
          serial_library_hellmonk_semicircle, st_stairs_1, nicolae_stop_n_shop_2
D:5:      layout_cave_pools, uniq_grinder, uniq_crazy_yiuf_cottage
D:6:      layout_cave_pools, general_overflow_altar, serial_shops, shop,
          uniq_maggie
D:7:      layout_loops_cross, grunt_temple_overflow_holy_war,
          nemelex_dance_club_becter, serial_glass, glass_columns_c,
          glass_columns_a, glass_columns_b, glass_columns_a, glass_columns_a,
          glass_columns_a, glass_columns_c, glass_columns_c, item_on_display_a,
          due_unseen_surprise, item_on_display_a, feat_on_display,
          ebering_ghost_inner_flame, enter_bailey_3
Temple:   nicolae_temple_bog_church

Skill      XL: |  1  2  3  4  5  6  7  8  9 |
---------------+----------------------------+-----
Fighting       | 2 3 |  3.8
Ranged Weapons | 3 4 5 |  5.6
Stealth        | 1 2 3 4 |  4.7
Dodging        | 3 4 |  4.5
Spellcasting   | 2 3 |  3.5
Fire Magic     | 2 3 |  3.4
Hexes          | 4 6 |  6.2
Summonings     | 1 2 |  2.6
Translocations | 1 2 |  2.6
Short Blades   | 1 2 |  2.0
Evocations     | 1 |  1.9
Armour         | 1 |  1.0

Action                     |  1- 3 |  4- 6 |  7- 9 || total
---------------------------+-------+-------+-------++-------
  Melee: Long sword        |       |     4 |       ||     4
         Dagger            |       |       |     8 ||     8
   Fire: Sling             |    65 |   132 |   282 ||   479
  Throw: Dart              |       |       |     1 ||     1
   Cast: Jinxbite          |     3 |    11 |    16 ||    30
         Sigil of Binding  |       |       |     5 ||     5
         Summon Small Mamm |       |       |     2 ||     2
         Slow              |       |       |     5 ||     5
  Evoke: Wand              |       |       |     1 ||     1
    Use: Scroll            |     3 |     1 |    11 ||    15
         Potion            |       |       |     3 ||     3
 Armour: Robe              |    13 |    42 |    77 ||   132
  Dodge: Dodged            |    31 |    80 |   139 ||   250

Table legend: (Time is in decaauts)
 A = Elapsed time spent in this place.
 B = Non-inter-level travel time spent in this place.
 C = Inter-level travel time spent in this place.
 D = Time resting spent in this place.
 E = Time spent auto-exploring this place.
 F = Levels seen in this place.
 G = Mean time per level.
                   A        B        C        D        E       F      G
               +--------+--------+--------+--------+--------+-----+--------+
         Total |   7015 |   6455 |    560 |    878 |   4419 |   9 |  779.4 |
       Dungeon |   6096 |   5554 |    542 |    878 |   3645 |   7 |  870.9 |
        Temple |     20 |      2 |     18 |      0 |      0 |   1 |   20.0 |
         Sewer |    898 |    898 |      0 |      0 |    774 |   1 |  898.0 |
               +--------+--------+--------+--------+--------+-----+--------+

Top non-repeatable levels by time:
     D:3: 1307 daAuts
     D:4: 1015 daAuts
     D:2: 1006 daAuts
     D:5: 992 daAuts
     D:1: 909 daAuts
   Sewer: 898 daAuts
     D:6: 787 daAuts
     D:7: 77 daAuts
  Temple: 20 daAuts
